 Dungeon Crawl Stone Soup version 0.30-a0-122-g2a1322497e (webtiles) character file.

Game seed: 9751247629757246192

1359 NinjaNoafa the Covert (level 8, 0/62 (67) HPs)
             Began as a Gnoll Delver on Sept 16, 2022.
             Was a Priest of Lugonu.
             Slain by a wight
             ... wielding a +0 great sword of flaming
              (3 damage)
             ... on level 8 of the Dungeon.
             The game lasted 00:19:22 (7227 turns).

NinjaNoafa the Covert (Gnoll Delver)                Turns: 7227, Time: 00:19:23

HP:   0/62 (67)     AC: 13    Str: 11    XL:     8   Next: 64%
MP:   13/13         EV: 14    Int: 11    God:    Lugonu [***...]
Gold: 215           SH:  0    Dex: 15    Spells: 14/14 levels left

rFire   + . .      SeeInvis .    b - +0 great sword
rCold   + . .      Faith    .    (shield currently unavailable)
rNeg    . . .      Spirit   .    d - +3 leather armour {rC+}
rPois   .          Reflect  .    o - +0 helmet
rElec   .          Harm     .    w - +2 cloak
rCorr   .          Rampage  .    q - +0 pair of gloves
Will    .....                    (no boots)
Stlth   ++++......               (no amulet)
HPRegen 0.20/turn                k - +4 ring of protection
MPRegen 0.13/turn                (no ring)

@: brilliant, corroded, drained
A: fangs 1, strong nose, distributed training, iridescent scales 1, fire
resistance 1
a: Renounce Religion, Depart the Abyss, Bend Space, Banish


You were on level 8 of the Dungeon.
You worshipped Lugonu.
Lugonu was most pleased with you.
You visited 2 branches of the dungeon, and saw 9 of its levels.

You collected 243 gold pieces.
You spent 28 gold pieces at shops.

Inventory:

Hand Weapons
 a - a +1 falchion
 b - a +0 great sword (weapon)
Missiles
 c - a boomerang (quivered)
 h - 49 stones
Armour
 d - a +3 leather armour of cold resistance (worn)
 o - a +0 helmet (worn)
 q - a +0 pair of gloves (worn)
 w - a +2 cloak (worn)
Magical Staves
 p - a staff of death
Jewellery
 k - a +4 ring of protection (left hand)
Wands
 g - a wand of digging (3)
 t - a wand of iceblast (5)
Scrolls
 n - a scroll of amnesia
Potions
 e - 2 potions of degeneration
 f - 2 potions of attraction


   Skills:
 + Level 7.5 Fighting
 + Level 3.6 Short Blades
 + Level 5.9 Long Blades
 + Level 3.6 Axes
 + Level 3.6 Maces & Flails
 + Level 3.6 Polearms
 + Level 3.6 Staves
 + Level 3.6 Ranged Weapons
 + Level 3.6 Throwing
 + Level 3.6 Armour
 + Level 5.9 Dodging
 + Level 10.2 Stealth
 + Level 3.6 Shields
 + Level 3.6 Unarmed Combat
 + Level 3.6 Spellcasting
 + Level 2.9 Conjurations
 + Level 2.9 Hexes
 + Level 2.9 Summonings
 + Level 2.9 Necromancy
 + Level 2.9 Translocations
 + Level 2.9 Transmutations
 + Level 2.9 Fire Magic
 + Level 2.9 Ice Magic
 + Level 2.9 Air Magic
 + Level 2.9 Earth Magic
 + Level 2.9 Poison Magic
 + Level 4.0 Invocations
 + Level 3.6 Evocations


You had 14 spell levels left.
You didn't know any spells.
Your spell library contained the following spells:

 Spells                   Type           Power      Damage    Failure   Level
 Sublimation of Blood     Necr           12%        N/A       14%         2
 Gell's Gravitas          Tloc           12%        N/A       28%         3
 Teleport Other           Tloc           12%        N/A       28%         3
 Petrify                  Tmut/Erth      12%        N/A       67%         4
 Irradiate                Conj/Tmut      6%         3d13      95%         5
 Summon Forest            Summ/Tloc      6%         N/A       95%         5
 Summon Mana Viper        Hex/Summ       12%        N/A       95%         5
 Dispersal                Tloc           6%         N/A       100%        6
 Summon Cactus Giant      Summ           6%         N/A       100%        6


Dungeon Overview and Level Annotations

Branches:
Dungeon (8/15)             Temple (1/1) D:5
   Lair: D:8-11

Altars:
Ashenzari
Cheibriados
Dithmenos
Elyvilon
Fedhas
Gozag
Hepliaklqana
Nemelex Xobeh
Okawaru
Qazlal
Sif Muna
Trog
Uskayaw
Vehumet
Xom
Yredelemnul
Zin
The Shining One
Lugonu

Shops:
D:1 ?

Annotations:
D:6 Eustachio


Innate Abilities, Weirdness & Mutations

You have very sharp teeth.
Your uncanny sense of smell can sniff out nearby items.
Your experience applies equally to all skills.
You are partially covered in iridescent scales. (AC +2)
Your flesh is heat resistant. (rF+)


Message History

Reactivating autopickup.
The orc wizard mumbles some strange words.
The orc wizard flickers and vanishes!
Deactivating autopickup; reactivate with Ctrl-A.
Things that are here:
a +0 great sword; a +0 robe
b - a +0 great sword The yak barely misses you.
b - a +0 great sword (weapon)
You barely miss the yak. You bite the yak, but do no damage.
The yak is heavily wounded.
The yak gores you but does no damage. Something barely misses you.
The jelly hits you but does no damage. Something hits you but does no damage.
The jelly barely misses you. The yak barely misses you.
Something hits you but does no damage. The wight barely misses you.
The jelly hits you. The acid corrodes you!
You are splashed with acid!
The yak gores you but does no damage.
You slice the yak!!
The yak is almost dead.
Something hits you but does no damage. The wight hits you but does no damage.
The jelly closely misses you. The yak gores you.
* * * LOW HITPOINT WARNING * * *
You slash the yak!
The yak is heavily wounded.
The yak gores you but does no damage. Something completely misses you.
The jelly closely misses you. The yak gores you but does no damage.
The yak barely misses you. The yak closely misses you. x2
Something closely misses you. The jelly closely misses you. The yak gores you.
* * * LOW HITPOINT WARNING * * *
You feel clever all of a sudden. The wight barely misses you.
The yak gores you!
* * * LOW HITPOINT WARNING * * *
Something hits you.
* * * LOW HITPOINT WARNING * * *
The jelly hits you but does no damage. The yak barely misses you.
The yak misses you.
As you read the scroll of magic mapping, it crumbles to dust.
You feel aware of your surroundings.
You sensed 1 altar, and 1 shop/portal.
The wight hits you with a +0 great sword of flaming.
You die...

*,..# ####### #......#
*,### #....$# ###.####
*,* #[....# #.#
**,*****#..$..# #.###
*,,,,,,,#.....# #...#
*,,****,#.....#######.#
*,,,,**,##...)<..# #.#
*,**,*#,*#...YY..# #.#
*,**.##.*#..o{@J.####.#
*,,,....##...Yzz......#
******.............######
,,,* **###.........# **,*
#.#.......#********* **,*
#.#.##..#.(..,,,,,,***
**,*
#,#.....#....,,,,,,,,*
**,*
#.#.)##.#>.......,,*,*
**,*
#.#..z#.#........,,*,***


You could see 3 yaks, a jelly, 2 wights and an orc.

Vanquished Creatures
  Duvessa (D:5)
  A black bear (D:4)
  An ogre (D:5)
  A phantom (D:4)
  A bullfrog (D:5)
  2 scorpions
  Dowan (D:5)
  4 wights
  A howler monkey (D:4)
  2 quasits (D:5)
  A hound (D:3)
  A jelly (D:5)
  3 orc priests
  An iguana (D:5)
  An orc wizard (D:3)
  Robin (D:3)
  12 adders
  A shadow imp (D:5)
  3 white imps
  A worm (D:2)
  5 dart slugs
  12 orcs
  10 ball pythons
  3 bats
  5 endoplasms
  3 giant cockroaches
  16 goblins
  7 hobgoblins
  3 jackals (D:1)
  3 quokkas
  2 frilled lizards (D:2)
  3 kobolds
  6 rats
118 creatures vanquished.

Vanquished Creatures (others)
  5 demonic plants (D:5)
5 creatures vanquished.

Grand Total: 123 creatures vanquished

Notes
Turn   | Place    | Note
-------+----------+-------------------------------------------
     0 | D:5      | Reached skill level 9 in Stealth
     0 | D:5      | NinjaNoafa the Gnoll Delver began the quest for the Orb.
     0 | D:5      | Reached XP level 1. HP: 23/23 MP: 1/1
    18 | D:5      | Found a glowing golden altar of the Shining One.
    25 | D:5      | Noticed a scorpion
    53 | D:4      | Noticed a phantom
    53 | D:4      | Noticed a howler monkey
    83 | D:4      | Noticed a scorpion
   372 | D:2      | Reached XP level 2. HP: 13/29 MP: 2/2
   681 | D:2      | Reached XP level 3. HP: 27/35 MP: 3/3
   817 | D:2      | Reached skill level 1 in Invocations
   984 | D:2      | Reached skill level 1 in Short Blades
   984 | D:2      | Reached skill level 1 in Axes
   984 | D:2      | Reached skill level 1 in Maces & Flails
   984 | D:2      | Reached skill level 1 in Polearms
   984 | D:2      | Reached skill level 1 in Staves
   984 | D:2      | Reached skill level 1 in Ranged Weapons
   984 | D:2      | Reached skill level 1 in Throwing
   984 | D:2      | Reached skill level 1 in Armour
   984 | D:2      | Reached skill level 1 in Shields
   984 | D:2      | Reached skill level 1 in Unarmed Combat
   984 | D:2      | Reached skill level 1 in Spellcasting
   984 | D:2      | Reached skill level 1 in Evocations
  1294 | D:1      | Reached XP level 4. HP: 41/41 MP: 5/5
  1345 | D:1      | Found Gufukkoi's Magic Scroll Boutique.
  1354 | D:1      | Bought a scroll of identify for 28 gold pieces
  1366 | D:1      | Found a faded altar of an unknown god.
  1378 | D:1      | Prayed at the altar of an unknown god.
  1378 | D:1      | Became a worshipper of Lugonu the Unformed
  1378 | D:1      | Reached * piety under Lugonu
  1378 | D:1      | Reached ** piety under Lugonu
  2031 | D:2      | Reached skill level 1 in Conjurations
  2031 | D:2      | Reached skill level 1 in Hexes
  2031 | D:2      | Reached skill level 1 in Summonings
  2031 | D:2      | Reached skill level 1 in Necromancy
  2031 | D:2      | Reached skill level 1 in Translocations
  2031 | D:2      | Reached skill level 1 in Transmutations
  2031 | D:2      | Reached skill level 1 in Fire Magic
  2031 | D:2      | Reached skill level 1 in Ice Magic
  2031 | D:2      | Reached skill level 1 in Air Magic
  2031 | D:2      | Reached skill level 1 in Earth Magic
  2031 | D:2      | Reached skill level 1 in Poison Magic
  2917 | D:3      | Reached XP level 5. HP: 47/47 MP: 5/7
  2945 | D:3      | Noticed Robin
  3019 | D:3      | Killed Robin
  3114 | D:3      | Found a bloodstained altar of Trog.
  3172 | D:3      | Reached *** piety under Lugonu
  3207 | D:3      | Reached XP level 6. HP: 53/53 MP: 8/8
  3662 | D:4      | Reached skill level 5 in Long Blades
  3662 | D:4      | Reached skill level 5 in Dodging
  3986 | D:4      | Found a sparkling altar of Nemelex Xobeh.
  4036 | D:4      | Noticed a black bear
  4047 | D:4      | Killed a black bear
  4048 | D:4      | Reached XP level 7. HP: 60/60 MP: 10/10
  4936 | D:5      | Reached skill level 10 in Stealth
  5079 | D:5      | Noticed Dowan
  5080 | D:5      | Noticed Duvessa
  5121 | D:5      | HP: 3/60 [Duvessa/+0 short sword (6)]
  5340 | D:5      | Killed Duvessa
  5347 | D:5      | Killed Dowan
  5404 | D:5      | Reached XP level 8. HP: 50/67 MP: 12/12
  6117 | D:5      | Found a staircase to the Ecumenical Temple.
  6122 | Temple   | Entered the Ecumenical Temple
  6183 | D:6      | Gained mutation: Your flesh is heat resistant. (rF+)
                  | [potion of mutation]
  6183 | D:6      | Gained mutation: You are partially covered in iridescent
                  | scales. (AC +2) [potion of mutation]
  6183 | D:6      | Noticed Eustachio
  6859 | D:8      | HP: 3/61 [wight/+0 great sword of flaming (6)]
  7178 | D:8      | Noticed a yak
  7179 | D:8      | Noticed a yak
  7190 | D:8      | Noticed a yak
  7226 | D:8      | HP: 2/62 [something (3)]
  7227 | D:8      | Slain by a wight

Illustrated notes

Levels and vault maps discovered:
D:1:      tarquinn_simple_flora_water_f, layout_loops_corners,
          basic_ecumenical_altar, serial_shops, nicolae_shop_stone
D:2:      minmay_wonky_spiral, layout_loops_corners, kennysheep_generic_room_12
D:3:      layout_basic, overflow_temple_1_default, uniq_robin
D:4:      black_bear_nest_1, layout_basic, nemelex_spade_bored_becter,
          enter_ossuary_3, serial_curves, eino_curves_04, eino_curves_04
D:5:      layout_layer_cave, mainiacjoe_overflow_concentric_impassable,
          minmay_temple_entry_nine_rooms, serial_demonic, serial_demonic_f,
          serial_demonic_f, serial_demonic_f, serial_demonic_e, uniq_duvessa
D:6:      layout_cave_pools, minmay_increasing_density, uniq_eustachio
D:7:      layout_basic, serial_shops, shop, nicolae_benzene_ring
D:8:      layout_loops_cross, mainiacjoe_overflow_surrounded_room,
          nicolae_shop_self_help, uniq_amaemon, uniq_maurice
Temple:   nicolae_temple_no_exploring_needed

Skill      XL: |  1  2  3  4  5  6  7  8 |
---------------+-------------------------+-----
Stealth        | 10 | 10.2
Invocations    | 1 2 3 4 |  4.0
Short Blades   | 1 2 3 |  3.6
Axes           | 1 2 3 |  3.6
Maces & Flails | 1 2 3 |  3.6
Polearms       | 1 2 3 |  3.6
Staves         | 1 2 3 |  3.6
Ranged Weapons | 1 2 3 |  3.6
Throwing       | 1 2 3 |  3.6
Armour         | 1 2 3 |  3.6
Shields        | 1 2 3 |  3.6
Unarmed Combat | 1 2 3 |  3.6
Spellcasting   | 1 2 3 |  3.6
Evocations     | 1 2 3 |  3.6
Conjurations   | 1 2 |  2.9
Hexes          | 1 2 |  2.9
Summonings     | 1 2 |  2.9
Necromancy     | 1 2 |  2.9
Translocations | 1 2 |  2.9
Transmutations | 1 2 |  2.9
Fire Magic     | 1 2 |  2.9
Ice Magic      | 1 2 |  2.9
Air Magic      | 1 2 |  2.9
Earth Magic    | 1 2 |  2.9
Poison Magic   | 1 2 |  2.9
Long Blades    | 5 |  5.9
Dodging        | 5 |  5.9
Fighting       | 7 |  7.5

Action                   |  1- 3 |  4- 6 |  7- 9 || total
-------------------------+-------+-------+-------++-------
Melee: Falchion          |    70 |   168 |   193 ||   431
       Bite              |     6 |    19 |    22 ||    47
       Punch             |     2 |     2 |     4 ||     8
       Great sword       |       |       |     3 ||     3
Throw: Dart              |       |    12 |     6 ||    18
       Stone             |       |    14 |       ||    14
       Boomerang         |       |       |     4 ||     4
       Javelin           |       |       |     6 ||     6
Evoke: Wand              |       |     1 |     5 ||     6
  Use: Scroll            |     6 |     9 |    10 ||    25
       Potion            |     2 |     1 |    10 ||    13
 Stab: Sleeping          |     5 |    11 |     2 ||    18
       Distracted        |       |     1 |       ||     1
Armor: Leather armour    |    27 |    61 |   207 ||   295
Dodge: Dodged            |    55 |   120 |   315 ||   490

Table legend: (Time is in decaauts)
 A = Elapsed time spent in this place.
 B = Non-inter-level travel time spent in this place.
 C = Inter-level travel time spent in this place.
 D = Time resting spent in this place.
 E = Time spent auto-exploring this place.
 F = Levels seen in this place.
 G = Mean time per level.
                   A        B        C        D        E       F      G
               +--------+--------+--------+--------+--------+-----+--------+
         Total |   7237 |   6913 |    324 |      0 |   5459 |   9 |  804.1 |
       Dungeon |   7236 |   6912 |    324 |      0 |   5459 |   8 |  904.5 |
        Temple |      1 |      1 |      0 |      0 |      0 |   1 |    1.0 |
               +--------+--------+--------+--------+--------+-----+--------+

Top non-repeatable levels by time:
     D:5: 1604 daAuts
     D:2: 1488 daAuts
     D:3: 1137 daAuts
     D:4: 1032 daAuts
     D:1: 909 daAuts
     D:8: 634 daAuts
     D:7: 396 daAuts
     D:6: 31 daAuts
  Temple: 1 daAuts
